 Dungeon Crawl Stone Soup version 0.30-a0-145-g03d90e2e6d (webtiles) character file.

Game seed: 12499118738277369652

74 qw the Chopper (level 4, -5/28 HPs)
             Began as a Gargoyle Fighter on Sept 26, 2022.
             Slain by Sigmund
             ... wielding a +0 scythe
              (9 damage)
             ... on level 2 of the Dungeon.
             The game lasted 00:00:30 (1210 turns).

qw the Chopper (Gargoyle Fighter)                   Turns: 1210, Time: 00:00:31

Health: -5/28      AC: 10    Str: 22    XL:     4   Next: 28%
Magic:  4/4        EV:  9    Int:  8    God:
Gold:   83         SH:  4    Dex:  9    Spells: 3/3 levels left

rFire   . . .      SeeInvis .    Y - +1 war axe (venom)
rCold   . . .      Faith    .    c - +0 buckler
rNeg    + . .      Spirit   .    b - +0 scale mail
rPois   inf        Reflect  .    (no helmet)
rElec   +          Harm     .    (no cloak)
rCorr   .          Rampage  .    (no gloves)
Will    .....                    (no boots)
Stlth   ..........               (no amulet)
HPRegen 0.09/turn                (no ring)
MPRegen 0.09/turn                (no ring)

@: no status effects
A: sickness immunity, AC +3, negative energy resistance 1, electricity
resistance, torment resistance 1, petrification resistance
a: no special abilities


You were on level 2 of the Dungeon.
You visited 1 branch of the dungeon, and saw 2 of its levels.

You collected 83 gold pieces.


Innate Abilities, Weirdness & Mutations

You are immune to sickness and miasma.
Your stone body is resilient. (AC +3)
You are immune to poison.
You resist negative energy. (rN+)
You are resistant to electric shocks. (rElec)
You are resistant to unholy torment.
You are immune to petrification.


   Skills:
 - Level 3.2 Fighting
 + Level 4.0 Axes
 - Level 3.2 Armour
 - Level 3.2 Shields


You had 3 spell levels left.
You didn't know any spells.
Your spell library was empty.

Inventory:

Hand Weapons
 j - a +3 mace of protection
 Y - a +1 war axe of venom (weapon)
Armour
 b - a +0 scale mail (worn)
 c - a +0 buckler (worn)
 l - a +0 helmet
Scrolls
 a - 2 scrolls of identify
 g - a scroll of amnesia {unknown}
 n - a scroll of fear {unknown}
 p - a scroll of teleportation {unknown}
Potions
 d - a potion of might
 e - a potion of attraction
 h - a potion of berserk rage {unknown}
 i - a potion of flight {unknown}
 k - a potion of resistance {unknown}
 m - 2 potions of degeneration {unknown}
 o - a potion of cancellation {unknown}

Dungeon Overview and Level Annotations

Branches:
Dungeon (2/15)

Altars:

Annotations:
D:2 Sigmund


Message History

You hear some strange, mumbled words.
You are confused.
1195 ||| DRINKING 2 potions of curing.
You feel better.
1195 ||| (to cure confusion)
Something hits you.
You swing at nothing.
Something hits you.
You swing at nothing.
You swing at nothing.
Something hits you but does no damage.
You swing at nothing.
Something hits you but does no damage.
You swing at nothing.
A magic dart appears from out of thin air!
The magic dart hits you.
You swing at nothing.
Something hits you.
You swing at nothing.
Something hits you but does no damage.
You swing at nothing.
You block something's attack.
You swing at nothing.
You hear some strange, mumbled words.
You are confused.
1205 ||| DRINKING potion of curing.
You feel better.
1205 ||| (to cure confusion)
You block something's attack.
You swing at nothing.
Something hits you!
You swing at nothing.
You hear some strange, mumbled words.
Something tries to affect you, but you resist.
You swing at nothing.
Something hits you but does no damage.
You swing at nothing.
A magic dart appears from out of thin air!
The magic dart hits you!
You swing at nothing.
Something hits you!
You die...

#####.....#.#####)##.##..###.#
#.
...................###.......#
#. #####..
.#.#.####.......#...###. #
##########...... # #...... #
################# ###.... #
#................ #..#. #
#..##...#....### #..#. #
#.###...#.@%.# #..#. #
#.###..##..){# #..#. ##
#......###...... #..## .##
#.....## #...#.... #.... ..###
#...### #...# ... #.### #..%#
#.#### ##..# .. #. #.
###)###....#### ..# . #.
#.%.#.......# #.. #.
###.......... #.


There were no monsters in sight!

Vanquished Creatures
  Robin (D:2)
  2 adders (D:2)
  A worm (D:2)
  A dart slug (D:2)
  3 ball pythons
  2 endoplasms
  A giant cockroach (D:2)
  10 goblins (D:2)
  4 hobgoblins (D:2)
  A jackal (D:2)
  A quokka (D:1)
  4 bats (D:2)
  5 kobolds
  3 rats (D:2)
39 creatures vanquished.

Notes
Turn   | Place    | Note
-------+----------+-------------------------------------------
     0 | D:1      | qw the Gargoyle Fighter began the quest for the Orb.
     0 | D:1      | Reached XP level 1. HP: 14/14 MP: 1/1
     0 | D:1      | 0 ||| qw: Version: 0.2-a-10-g399e6c4
     0 | D:1      | 0 ||| qw: Game counter: 514
     0 | D:1      | 0 ||| qw: Always use a shield: true
     0 | D:1      | 0 ||| qw: God list: Okawaru
     0 | D:1      | 0 ||| qw: Allow faded altars: false
     0 | D:1      | 0 ||| qw: Do Orc after D:15 true
     0 | D:1      | 0 ||| qw: Do second Lair branch before Depths: true
     0 | D:1      | 0 ||| qw: Lair rune preference: random
     0 | D:1      | 0 ||| qw: Plans: Normal, Zot:1-4, God:TSO, Crypt, Tomb,
                  | Pan, Slime:5, Hells, Abyss, Orb
     0 | D:1      | 0 ||| PLANNING D:1-11
    91 | D:1      | Reached skill level 2 in Axes
   469 | D:1      | 469 ||| READING 3 scrolls labelled DUMOASKANUT.
   470 | D:1      | 470 ||| READING scroll labelled CYIF WEK JANN.
   471 | D:1      | 471 ||| READING scroll labelled ESHAUJIURCH.
   472 | D:1      | 472 ||| READING 2 scrolls of identify.
   472 | D:1      | 472 ||| IDENTIFYING glowing amethyst potion
   493 | D:2      | 493 ||| STAIRDANCE
   571 | D:2      | Reached XP level 2. HP: 19/19 MP: 2/2
   602 | D:2      | 602 ||| Stepping ~*~*~tactically~*~*~ (stealth).
   604 | D:2      | Noticed Robin
   605 | D:2      | 605 ||| Stepping ~*~*~tactically~*~*~ (hiding).
   614 | D:2      | HP: 2/19 [Robin/+3 mace of protection (3)]
   615 | D:2      | Killed Robin
   616 | D:2      | Reached skill level 3 in Axes
   616 | D:2      | Reached XP level 3. HP: 3/23 MP: 3/3
   622 | D:2      | HP: 3/23 [goblin/+0 club[Robin] (1)]
   661 | D:2      | 661 ||| FLEEEEING.
   685 | D:2      | 685 ||| Stepping ~*~*~tactically~*~*~ (stealth).
   802 | D:2      | 802 ||| Stepping ~*~*~tactically~*~*~ (stealth).
   917 | D:2      | 917 ||| DROPPING +0 club.
   945 | D:2      | 945 ||| Stepping ~*~*~tactically~*~*~ (stealth).
   985 | D:2      | 985 ||| Stepping ~*~*~tactically~*~*~ (stealth).
   986 | D:2      | 986 ||| Stepping ~*~*~tactically~*~*~ (stealth).
  1054 | D:2      | 1054 ||| Stepping ~*~*~tactically~*~*~ (stealth).
  1056 | D:2      | 1056 ||| Stepping ~*~*~tactically~*~*~ (stealth).
  1106 | D:2      | 1106 ||| Stepping ~*~*~tactically~*~*~ (stealth).
  1113 | D:2      | 1113 ||| Stepping ~*~*~tactically~*~*~ (stealth).
  1120 | D:2      | Reached XP level 4. HP: 26/28 MP: 4/4
  1120 | D:2      | 1120 ||| Stepping ~*~*~tactically~*~*~ (stealth).
  1137 | D:2      | Reached skill level 4 in Axes
  1186 | D:2      | Noticed Sigmund
  1195 | D:2      | 1195 ||| DRINKING 2 potions of curing.
  1195 | D:2      | 1195 ||| (to cure confusion)
  1205 | D:2      | 1205 ||| DRINKING potion of curing.
  1205 | D:2      | 1205 ||| (to cure confusion)
  1209 | D:2      | HP: 4/28 [something/magic dart (10)]
  1210 | D:2      | Slain by Sigmund

Levels and vault maps discovered:
D:1:      spicycebolla_arrival_ecumenical, layout_rooms,
          corexii_leaking_fountain
D:2:      minmay_recursive_quarters, layout_basic, minmay_three_crescents,
          uniq_sigmund, uniq_robin

Skill      XL: |  1  2  3  4 |
---------------+-------------+-----
Axes           | 2 3 4 |  4.0
Fighting       | |  3.2
Armour         | |  3.2
Shields        | |  3.2

Action                   |  1- 3 |  4- 6 || total
-------------------------+-------+-------++-------
Melee: War axe           |    58 |    22 ||    80
  Use: Scroll            |     4 |       ||     4
       Potion            |       |     2 ||     2
Armor: Scale mail        |    23 |    27 ||    50
Dodge: Dodged            |    18 |    17 ||    35
Block: Buckler           |    11 |     8 ||    19

Table legend:
 A = Non-vault XP
 B = Vault XP
 C = Vault XP percentage of total XP
 D = Non-vault monster count
 E = Vault monster count
 F = Vault count percentage of total count
                 A         B        C        D         E       F
            +---------+---------+-------+---------+---------+-------
      Total |      36 |      70 |  66.0 |      16 |      23 |  59.0
            +---------+---------+-------+---------+---------+-------
        D:1 |       7 |       0 |   0.0 |       4 |       0 |   0.0
        D:2 |      29 |      70 |  70.7 |      12 |      23 |  65.7
            +---------+---------+-------+---------+---------+-------
